 Dungeon Crawl Stone Soup version 0.29-a0-284-gf9362112df (webtiles) character file.

Game seed: 10455066763117040451

394 gzilladon the Chopper (level 6, -2/53 HPs)
             Began as a Hill Orc Fighter on Mar 24, 2022.
             Was an Initiate of Beogh.
             Slain by a two-headed ogre
             ... wielding a +0 giant club
              (24 damage)
             ... on level 4 of the Dungeon on Mar 25, 2022.
             The game lasted 00:21:08 (4181 turns).

gzilladon the Chopper (Hill Orc Fighter)            Turns: 4181, Time: 00:21:08

Health: -2/53      AC:  8    Str: 21    XL:     6   Next: 82%
Magic:  6/6        EV:  8    Int:  8    God:    Beogh [......]
Gold:   217        SH:  8    Dex: 10    Spells: 5/5 levels left

rFire   . . .      SeeInvis .   a - +0 war axe
rCold   . . .      Faith    .   k - +0 kite shield
rNeg    . . .      Spirit   .   b - +0 scale mail
rPois   .          Reflect  .   (no helmet)
rElec   .          Harm     .   (no cloak)
rCorr   .          Rampage  .   (no gloves)
Will    .....                   g - +0 pair of boots
Stlth   ..........              (no amulet)
HPRegen 0.17/turn               (no ring)
MPRegen 0.10/turn               (no ring)

@: no status effects
A: no striking features
a: Renounce Religion


You were on level 4 of the Dungeon.
You worshipped Beogh.
Beogh was noncommittal.
You visited 1 branch of the dungeon, and saw 4 of its levels.

You collected 217 gold pieces.

Inventory:

Hand Weapons
 a - a +0 war axe (weapon)
Missiles
 e - 147 stones (quivered)
 h - 6 poisoned darts
Armour
 b - a +0 scale mail (worn)
 c - a +0 buckler
 g - a +0 pair of boots (worn)
 k - a +0 kite shield (worn)
Jewellery
 d - a +4 ring of evasion
Wands
 n - a wand of digging (7)
Scrolls
 j - a scroll of immolation {unknown}
 o - a scroll of brand weapon {unknown}
 p - 2 scrolls of enchant armour {unknown}
 s - a scroll of teleportation {unknown}
Potions
 f - a potion of magic {unknown}
 i - a potion of lignification
 l - a potion of curing {unknown}
 m - 2 potions of attraction {unknown}
 q - a potion of flight {unknown}
 r - a potion of mutation {unknown}


   Skills:
 + Level 4.5 Fighting
 * Level 7.5 Axes
 + Level 4.3 Armour
 + Level 0.5 Dodging
 + Level 3.8 Shields


You had 5 spell levels left.
You didn't know any spells.
Your spell library contained the following spells:

 Spells                   Type           Power      Damage    Failure   Level
 Animate Skeleton         Necr           0%         N/A       98%         1
 Pain                     Necr           0%         1d4       98%         1
 Vampiric Draining        Necr           0%         2d6       100%        3
 Summon Forest            Summ/Tloc      0%         N/A       100%        5
 Summon Mana Viper        Hex/Summ       0%         N/A       100%        5
 Summon Cactus Giant      Summ           0%         N/A       100%        6


Dungeon Overview and Level Annotations

Branches:
Dungeon (4/15)
 Temple: D:4-7

Altars:

Shops:
D:1 *


Message History

There is a stone staircase leading down here.
You see here a +0 whip.
Found a scroll labelled IVOZAA NOEXIUJAGG.
Found 21 stones.
s - a scroll labelled IVOZAA NOEXIUJAGG
e - 147 stones (gained 21)
An iguana comes into view.
The iguana hisses angrily.
You barely miss the iguana.
The iguana bites you but does no damage.
The iguana bites you!
You slash the iguana!
The iguana is severely wounded.
The iguana bites you!
You slash the iguana!
You kill the iguana!
Beogh accepts your kill.
You see here an iguana corpse.
You start resting.
HP restored.
Okay, then.
A kobold comes into view. It is wielding a +0 short sword.
The kobold shouts!
The kobold hits you with a +0 short sword.
A two-headed ogre comes into view.
It is wielding a +0 giant club and a +0 giant spiked club.
The two-headed ogre shouts in stereo!
You hit the kobold.
The kobold is severely wounded.
The kobold hits you with a +0 short sword. x2
You hit the kobold but do no damage.
The kobold is severely wounded.
You see here an iguana corpse.
The two-headed ogre hits you with a +0 giant club!!
Ouch! That really hurt!
The two-headed ogre barely misses you.
You slash the two-headed ogre!
The two-headed ogre is moderately wounded.
The two-headed ogre hits you but does no damage.
The two-headed ogre hits you with a +0 giant spiked club!!
You die...

..... ###.......#
##.##########.......###
#...##..........†.....#
..≈..#.##.###.......###
.≈≈≈...##.#
###....####..........
..≈..####.#
#.......#..........
#...## #.#
##K######..°○......
##.## #.# #O#
°°...°.... ##..# #.#
#@# .......... ###.#
#.# #.# .......... # .#
#.. ○......... # .#
#### °......... # .#
..○○..^... # .#
.......... # .#
.......... # ..........
# ######8.8#


You could see a two-headed ogre and a kobold.

Vanquished Creatures
  A scorpion (D:4)
  3 jellies
  2 iguanas (D:4)
  4 adders
  3 gnolls (D:3)
  3 worms
  6 dart slugs
  5 orcs
  4 bats
  15 endoplasms
  3 giant cockroaches
  9 goblins
  8 hobgoblins
  7 jackals (D:1)
  15 kobolds
  A quokka (D:3)
  6 ball pythons
  A frilled lizard (D:3)
  5 rats
101 creatures vanquished.

Vanquished Creatures (others)
  A ball python (D:3)
  4 fungi (D:2)
  5 toadstools (D:2)
10 creatures vanquished.

Grand Total: 111 creatures vanquished

Notes
Turn   | Place    | Note
-------+----------+-------------------------------------------
     0 | D:1      | gzilladon the Hill Orc Fighter began the quest for the Orb.
     0 | D:1      | Reached XP level 1. HP: 19/19 MP: 1/1
    32 | D:1      | Found Deun's Assorted Antiques.
    40 | D:1      | Reached XP level 2. HP: 20/27 MP: 2/2
    57 | D:1      | Reached skill level 3 in Axes
   423 | D:1      | Reached XP level 3. HP: 32/33 MP: 3/3
  1013 | D:2      | Reached skill level 4 in Axes
  1168 | D:2      | Reached XP level 4. HP: 39/40 MP: 4/4
  1285 | D:2      | Reached skill level 5 in Axes
  1290 | D:2      | Reached XP level 5. HP: 14/46 MP: 5/5
  2758 | D:3      | Reached skill level 6 in Axes
  2824 | D:3      | Reached XP level 6. HP: 40/53 MP: 6/6
  3091 | D:3      | Found a faded altar of an unknown god.
  3124 | D:3      | Became a worshipper of Beogh the Brigand
  3451 | D:4      | Reached skill level 7 in Axes
  4165 | D:4      | Noticed a two-headed ogre
  4181 | D:4      | Slain by a two-headed ogre

Illustrated notes

Levels and vault maps discovered:
D:1:      ncdulo_smallfort, layout_basic, serial_shops,
          nicolae_shop_overgrown_old_shop
D:2:      cheibrodos_fertilizer, layout_loops_ring, minmay_tromino_v4_c
D:3:      layout_loops_ring, chequers_ecumenical_altar_simple,
          serial_bayou_pond_e, guppyfry_early_orc_mine
D:4:      layout_loops_ring, lemuel_temple_firewalk_b, amcnicky_mini_pool_small

Skill      XL: |  1  2  3  4  5  6 |
---------------+-------------------+-----
Axes           | 3 4 5 6 7 |  7.5
Fighting       | 4 |  4.5
Armour         | 4 |  4.3
Dodging        | |  0.5
Shields        | |  3.8

Action                   |  1- 3 |  4- 6 || total
-------------------------+-------+-------++-------
Melee: War axe           |    86 |   151 ||   237
Invok: Convert to Beogh  |       |     1 ||     1
  Use: Scroll            |     2 |     1 ||     3
       Potion            |       |     2 ||     2
Armor: Scale mail        |    60 |    58 ||   118
       Skin              |       |    20 ||    20
Dodge: Dodged            |    46 |    72 ||   118
Block: Buckler           |    13 |       ||    13
       Kite shield       |     7 |    72 ||    79

Table legend: (Time is in decaauts)
 A = Elapsed time spent in this place.
 B = Non-inter-level travel time spent in this place.
 C = Inter-level travel time spent in this place.
 D = Time resting spent in this place.
 E = Time spent auto-exploring this place.
 F = Levels seen in this place.
 G = Mean time per level.
                   A        B        C        D        E       F      G
               +--------+--------+--------+--------+--------+-----+--------+
         Total |   4268 |   4194 |     74 |    983 |      0 |   4 | 1067.0 |
       Dungeon |   4268 |   4194 |     74 |    983 |      0 |   4 | 1067.0 |
               +--------+--------+--------+--------+--------+-----+--------+

Top non-repeatable levels by time:
     D:2: 1478 daAuts
     D:3: 965 daAuts
     D:1: 926 daAuts
     D:4: 899 daAuts
